 Dungeon Crawl Stone Soup version 0.25.1-2-g60ff931df9 (webtiles) character file.

Game seed: 2884780864008189682

8758 H0rd4k the Eclecticist (level 11, -11/54 HPs)
             Began as a Deep Elf Wizard on Aug 14, 2020.
             Was an Initiate of Gozag.
             Shot with an arrow by a centaur warrior (20 damage)
             ... on level 11 of the Dungeon.
             The game lasted 00:31:24 (15716 turns).

H0rd4k the Eclecticist (Deep Elf Wizard)           Turns: 15716, Time: 00:31:25

Health: -11/54     AC:  5    Str:  4    XL:     11   Next: 14%
Magic:  17/32      EV: 14    Int: 27    God:    Gozag
Gold:   1145       SH:  0    Dex: 13    Spells: 28/40 levels left

rFire    . . .     SeeInvis +   b - staff of summoning
rCold    . . .     Gourm    .   (no shield)
rNeg     + . .     Faith    .   A - +1 robe {MR+}
rPois    .         Spirit   .   G - +1 helmet {SInv}
rElec    .         Reflect  .   (no cloak)
rCorr    .         Harm     .   (no gloves)
MR       ++...                  (no boots)
Stlth    +++.......             (no amulet)
HPRegen  0.18/turn              L - ring of wizardry
MPRegen  0.23/turn              s - ring of positive energy

@: no status effects
A: no striking features
a: Potion Petition, Call Merchant, Bribe Branch, Renounce Religion


You were on level 11 of the Dungeon.
You worshipped Gozag.
Gozag was most pleased with you.
You were not hungry.

You visited 1 branch of the dungeon, and saw 11 of its levels.

You collected 1659 gold pieces.
You spent 468 gold pieces at shops.
You paid 46 gold pieces to Gozag.

Inventory:

Hand Weapons
 o - a +0 dagger of speed
Missiles
 k - 5 atropa-tipped darts (quivered)
Armour
 A - a +1 robe of magic resistance (worn)
 G - a +1 helmet of see invisible (worn)
Magical Staves
 b - an uncursed staff of summoning (weapon)
Jewellery
 r - a +4 ring of evasion
 s - a ring of positive energy (right hand)
 z - an uncursed ring of protection from cold
 L - a ring of wizardry (left hand)
Wands
 q - a wand of flame (18)
 y - a wand of digging (7)
 E - a wand of paralysis (1)
Scrolls
 g - 6 scrolls of teleportation
 h - 2 scrolls of enchant weapon {unknown}
 l - 5 scrolls of amnesia
 m - 2 scrolls of fog {unknown}
 n - 2 scrolls of random uselessness {unknown}
 t - 2 scrolls of immolation {unknown}
 u - 5 scrolls of remove curse
 F - a scroll of magic mapping {unknown}
 J - a scroll of silence {unknown}
 K - a scroll of acquirement {unknown}
Potions
 e - 2 potions of heal wounds
 f - 4 potions of brilliance
 i - a potion of berserk rage {unknown}
 j - 3 potions of flight
 v - 2 potions of might
 w - 2 potions of curing
 x - 2 potions of invisibility
 C - a potion of cancellation {unknown}
 I - a potion of ambrosia {unknown}
Comestibles
 d - 13 rations


   Skills:
 + Level 4.8 Dodging
 + Level 4.0 Stealth
 + Level 15.2 Spellcasting
 + Level 10.5 Conjurations
   Level 1.1 Summonings
 + Level 3.2 Translocations
 + Level 3.2 Fire Magic
 + Level 3.2 Air Magic
 + Level 3.4 Poison Magic
 + Level 2.0 Evocations


You had 28 spell levels left.
You knew the following spells:

 Your Spells              Type           Power        Failure   Level  Hunger
a - Magic Dart            Conj           ####         1%          1    None
b - Blink                 Tloc           N/A          1%          2    None
c - Conjure Flame         Conj/Fire      ######..     1%          3    None
d - Mephitic Cloud        Conj/Pois/Air  ######..     1%          3    None
e - Gell's Gravitas       Tloc           #####.....   1%          3    None

Your spell library contained the following spells:

 Spells                   Type           Power        Failure   Level  Hunger
 Sandblast                Erth           ###...       1%          1    None
 Call Imp                 Summ           #####...     1%          2    None
 Passwall                 Tmut/Erth      ###.....     1%          2    None
 Slow                     Hex            ###.....     1%          2    None
 Stone Arrow              Conj/Erth      #####.       1%          3    None
 Confusing Touch          Hex            ###.....     3%          3    None
 Petrify                  Tmut/Erth      ###.....     11%         4    None
 Lee's Rapid Deconstruct  Erth           ###.......   26%         5    None
 Metabolic Englaciation   Hex/Ice        ###.......   26%         5    None
 Yara's Violent Unravell  Hex/Tmut       ###.......   26%         5    None


Dungeon Overview and Level Annotations

Branches:
Dungeon (11/15)            Temple (0/1) D:5            Lair (0/6) D:8
    Orc (0/2) D:10

Altars:
Cheibriados
Elyvilon
Fedhas
Gozag
Hepliaklqana
Kikubaaqudgha
Okawaru
Qazlal
Ru
Uskayaw
Xom
The Shining One

Shops:
D:7 *   D:8 [

Annotations:
D:5 1 runed translucent door, Johnny's ghost, novice DgGl
D:8 exclusion: downstairs
D:9 4 runed translucent doors, exclusion: 2 downstairs
D:10 Urug


Message History

Casting: Magic Dart (safe; 1% risk of failure)
Confirm with . or Enter, or press ? or * to list all spells.
You blink.
The troll is engulfed in blazing flames.
The centaur warrior shouts!
You hear a shout!
The worker ant becomes distracted by your gold, dreaming of imaginary riches.
The centaur warrior becomes distracted by the nearby gold, dreaming of imaginary riches.
The centaur warrior shouts!
You hear a shout!
Okay, then.
You feel much better.
The troll seems less confused.
The soldier ant is engulfed in blazing flames.
Casting: Blink (safe; 1% risk of failure)
Confirm with . or Enter, or press ? or * to list all spells.
You blink.
The centaur warrior shoots an arrow.
The arrow hits you!
* * * LOW HITPOINT WARNING * * *
The centaur warrior shoots an arrow.
The arrow hits you!!
You die...
Your body crumbles into a pile of gold.

#. #.# ..
#$##ยง# .# ### $
..#T#### .#.[.
.#.........#.#
....#.o.......
...)c......##.##
...............#
c###.###....#a.#
# #.#(@#..#
#.#.(#..#
#.<#...
.....[..##..#
..#.#...# .a# $
# #...# ..#
....# .(....
.....c.


You could see a centaur warrior, a troll and an orc.

Vanquished Creatures
  2 two-headed ogres
  An ugly thing (D:9)
  A deep elf mage (D:9)
  Maurice (D:8)
  A troll (D:9)
  10 yaks (D:9)
  A wyvern (D:10)
  Eustachio (D:4)
  2 hungry ghosts
  Edmund (D:3)
  Duvessa (D:6)
  2 black bears
  A sky beast (D:5)
  7 orc warriors
  5 ogres
  2 phantoms
  A centaur (D:5)
  3 big kobolds
  4 bullfrogs
  A gnoll sergeant (D:10)
  Dowan (D:6)
  5 scorpions
  3 killer bees (D:8)
  4 howler monkeys
  5 crimson imps
  5 jellies
  2 centaur zombies
  5 orc priests
  2 hounds
  2 quasits
  10 orc wizards
  A centaur skeleton (D:10)
  2 iguanas
  5 worker ants
  A hound zombie (D:8)
  5 hound skeletons
  A howler monkey zombie (D:7)
  13 adders
  2 gnolls (D:10)
  A howler monkey skeleton (D:9)
  2 shadow imps
  4 oozes
  2 adder zombies (D:9)
  An adder skeleton (D:9)
  3 worms
  A dart slug (D:1)
  4 leopard geckos
  36 orcs
  3 ball pythons
  A giant cockroach (D:3)
  3 goblins
  3 hobgoblins
  18 jackals
  5 quokkas
  20 bats
  4 frilled lizards
  8 kobolds
  A quokka skeleton (D:8)
  5 rats
247 creatures vanquished.

Vanquished Creatures (others)
  A killer bee (D:8)
  An orc wizard (D:10)
  4 fungi (D:4)
  2 plants
8 creatures vanquished.

Grand Total: 255 creatures vanquished

Notes
Turn   | Place    | Note
-------+----------+-------------------------------------------
     0 | D:1      | H0rd4k the Deep Elf Wizard began the quest for the Orb.
     0 | D:1      | Reached XP level 1. HP: 10/10 MP: 7/7
   488 | D:1      | Reached XP level 2. HP: 15/15 MP: 6/9
   491 | D:1      | Reached skill level 5 in Spellcasting
  1378 | D:2      | Reached XP level 3. HP: 19/19 MP: 1/12
  1382 | D:2      | Learned a level 2 spell: Blink
  1386 | D:2      | Learned a level 3 spell: Conjure Flame
  1390 | D:2      | Learned a level 3 spell: Mephitic Cloud
  1908 | D:2      | Found an ancient bone altar of Kikubaaqudgha.
  2063 | D:2      | Found a blossoming altar of Fedhas.
  2178 | D:3      | Reached skill level 6 in Spellcasting
  2317 | D:3      | Reached XP level 4. HP: 24/24 MP: 7/14
  2668 | D:3      | Found a hazy altar of Hepliaklqana.
  3031 | D:3      | Found a glowing golden altar of the Shining One.
  3661 | D:4      | Noticed Eustachio
  3705 | D:4      | Noticed Edmund
  4139 | D:4      | Reached XP level 5. HP: 18/28 MP: 3/16
  4346 | D:3      | Killed Edmund
  4346 | D:3      | Reached skill level 7 in Spellcasting
  4346 | D:3      | Reached skill level 1 in Fire Magic
  4346 | D:3      | Reached skill level 1 in Air Magic
  4511 | D:4      | Reached XP level 6. HP: 32/32 MP: 12/18
  4575 | D:4      | Found an opulent altar of Gozag.
  4754 | D:4      | Became a worshipper of Gozag Ym Sagoz the Greedy
  4881 | D:4      | Reached skill level 8 in Spellcasting
  5107 | D:4      | Reached XP level 7. HP: 36/36 MP: 8/20
  5223 | D:4      | Killed Eustachio
  5223 | D:4      | Reached skill level 1 in Poison Magic
  5641 | D:4      | Found a stormy altar of Qazlal.
  5711 | D:5      | Entered Level 5 of the Dungeon
  5741 | D:5      | Reached skill level 9 in Spellcasting
  5741 | D:5      | Reached skill level 5 in Conjurations
  5992 | D:5      | Found a runed translucent door.
  5992 | D:5      | Noticed Johnny's ghost (novice DgGl)
  6191 | D:5      | Reached XP level 8. HP: 41/41 MP: 10/23
  6431 | D:5      | Reached skill level 10 in Spellcasting
  6769 | D:5      | Found a staircase to the Ecumenical Temple.
  7240 | D:5      | Got a polished spear
  7302 | D:5      | Identified the +6 spear of Infinity {antimagic, +Blink rC+
                  | MP-9 Str+7} (You found it on level 5 of the Dungeon)
  7725 | D:6      | Reached skill level 11 in Spellcasting
  8031 | D:6      | Found an iron altar of Okawaru.
  8052 | D:6      | Reached XP level 9. HP: 45/45 MP: 16/26
  8236 | D:6      | Noticed Dowan
  8290 | D:6      | Noticed Duvessa
  8312 | D:6      | Killed Dowan
  8316 | D:6      | Killed Duvessa
  8911 | D:7      | Found a sacrificial altar of Ru.
  8918 | D:7      | Found a glowing golden altar of the Shining One.
  8924 | D:7      | Found a white marble altar of Elyvilon.
  8968 | D:7      | Reached skill level 12 in Spellcasting
  9190 | D:7      | Found Xiaces's General Store.
  9193 | D:7      | Bought a scroll of remove curse for 45 gold pieces
  9193 | D:7      | Bought a scroll of identify for 30 gold pieces
  9193 | D:7      | Bought a wand of iceblast (9) for 195 gold pieces
  9735 | D:8      | Noticed Maurice
  9758 | D:8      | Killed Maurice
  9970 | D:8      | Found a hide-covered altar of Uskayaw.
 10540 | D:8      | Found Sitelon's Armour Boutique.
 10543 | D:8      | Bought a +1 helmet of see invisible for 198 gold pieces
 10577 | D:8      | You fall into a shaft and drop 2 floors!
 10577 | D:10     | Entered Level 10 of the Dungeon
 10594 | D:10     | Reached skill level 1 in Evocations
 10599 | D:10     | Reached skill level 13 in Spellcasting
 10824 | D:10     | Learned a level 3 spell: Gell's Gravitas
 10906 | D:9      | Noticed a purple ugly thing
 10930 | D:9      | Killed a purple ugly thing
 10930 | D:9      | Reached XP level 10. HP: 50/50 MP: 12/29
 10944 | D:9      | Noticed a two-headed ogre
 11402 | D:8      | Found a staircase to the Lair.
 12114 | D:9      | Killed a two-headed ogre
 12769 | D:9      | Found a huge runed translucent gate.
 12771 | D:9      | Found a huge runed translucent gate.
 12774 | D:9      | Noticed a manticore
 13118 | D:9      | Found a huge runed translucent gate.
 13118 | D:9      | Noticed a manticore
 13119 | D:9      | Found a huge runed translucent gate.
 13137 | D:9      | Found a snail-covered altar of Cheibriados.
 13339 | D:9      | Reached skill level 14 in Spellcasting
 13772 | D:9      | Found a shimmering altar of Xom.
 13772 | D:9      | Noticed a deep elf mage
 13779 | D:9      | Killed a deep elf mage
 14070 | D:10     | Noticed a two-headed ogre
 14237 | D:9      | Reached skill level 10 in Conjurations
 14869 | D:10     | Killed a two-headed ogre
 14869 | D:10     | Reached skill level 15 in Spellcasting
 14869 | D:10     | Reached XP level 11. HP: 54/54 MP: 18/32
 15000 | D:10     | Found a staircase to the Orcish Mines.
 15683 | D:10     | Noticed Urug
 15692 | D:11     | Noticed a centaur warrior
 15716 | D:11     | Shot with an arrow by a centaur warrior

Illustrated notes

Levels and vault maps discovered:
D:1:      dpeg_arrival_refuge, layout_loops_ring, minmay_misc_feat_doors
D:2:      layout_rooms, marbit_many_paths, fedhas_altar_1
D:3:      layout_basic, lemuel_doored_altar, nicolae_tso_swordbearing_angel
D:4:      old_forge, layout_cave_pools, grunt_qazlal_clouds,
          nicolae_overflow_crystal_walls, first_ration, uniq_eustachio,
          uniq_edmund
D:5:      layout_basic, minmay_temple_entry_antechambers,
          hellmonk_ghost_happy_afterlife
D:6:      layout_rooms, okawaru_gym_becter, uniq_duvessa
D:7:      layout_gridville, grunt_temple_overflow_open, serial_shops,
          nicolae_shop_behind_doors
D:8:      layout_basic, overflow_temple_1_default, lair_entry_dummy,
          serial_shops, shop, blue_anna_alchemist [blue_anna_fruit_fields,
          blue_anna_fruit_fields], uniq_maurice
D:9:      lemuel_bear_cage, layout_layer_cave, nicolae_overflow_hidden_temple,
          david_defended_altar_elf
D:10:     layout_cave_pools, kennysheep_orc_monster_closet_entryway,
          serial_bayou_pond_b, st_stairs_5, uniq_urug
D:11:     layout_loops_ring

Skill      XL: |  1  2  3  4  5  6  7  8  9 10 |
---------------+-------------------------------+-----
Spellcasting   | 5 6 7 8 9 11 13 15 | 15.2
Conjurations   | 2 3 4 5 7 8 10 | 10.5
Fire Magic     | 1 2 3 |  3.2
Air Magic      | 1 2 3 |  3.2
Stealth        | 3 4 |  4.0
Dodging        | 3 4 |  4.8
Poison Magic   | 1 2 3 |  3.4
Translocations | 2 3 |  3.2
Evocations     | 1 2 |  2.0
Summonings     | |  1.1

Action                   |  1- 3 |  4- 6 |  7- 9 | 10-12 || total
-------------------------+-------+-------+-------+-------++-------
Melee: Dagger            |     4 |     1 |       |       ||     5
 Cast: Magic Dart        |   115 |   171 |   437 |   303 ||  1026
       Conjure Flame     |       |     8 |    22 |    26 ||    56
       Mephitic Cloud    |       |     6 |    23 |    24 ||    53
       Blink             |       |     3 |    11 |    13 ||    27
Evoke: Wand              |       |       |    17 |     4 ||    21
  Use: Scroll            |       |       |     5 |     7 ||    12
       Potion            |       |       |       |     2 ||     2
  Eat: Chunk             |     4 |     8 |       |       ||    12
       Ration            |       |       |     5 |     5 ||    10
Armor: Robe              |     2 |     4 |     9 |    16 ||    31
Dodge: Dodged            |    21 |    28 |    85 |    68 ||   202
